Description

Build order for BeastyQT VOD : https://www.youtube.com/watch?v=Bbz1KLQayJg&feature=youtu.be

VOD

https://www.youtube.com/watch?v=Bbz1KLQayJg&feature=youtu.be

Replay - 2018-12-08 - (P)Beastyqt VS (T)A.I. 1 (Very Easy)

Build Order

Get SALT Encoding   

  12  0:00  Probe  
  13  0:12  Probe  
  14  0:20  Pylon  
  14  0:25  Probe  
  15  0:35  Probe  
  15  0:39  Gateway  
  16  0:43  Probe  
  16  0:49  Assimilator  
  17  0:52  Probe  
  19  1:04  Probe  
  19  1:16  Probe  
  20  1:26  Cybernetics Core  
  20  1:28  Probe  
  21  1:38  Nexus  
  21  1:46  Pylon  
  21  1:50  Assimilator  
  21  1:52  Probe  
  22  1:55  Adept (Chrono Boost)  
  22  2:07  Warp Gate  
  25  2:12  Stalker  
  29  2:30  Pylon  
  29  2:37  Blink, Twilight Council  
  29  2:44  Stalker  
  35  3:20  Stalker  
  38  3:32  Gateway x2  
  41  3:50  Robotics Facility  
  45  4:10  Nexus  
  45  4:14  Pylon  
  46  4:22  Stalker  
  49  4:27  Assimilator  
  50  4:40  Observer  
  50  4:42  Forge x2  
  50  4:44  Pylon  
  51  4:49  Protoss Ground Weapons Level 1  
  51  4:50  Protoss Ground Armor Level 1, Stalker x2  
  56  4:55  Stalker  
  60  5:03  Observer  
  61  5:08  Gateway x2  
  61  5:20  Gateway x2  
  61  5:29  Gateway  
  64  5:43  Immortal  
  64  5:44  Sentry  
  73  6:00  Charge  
  77  6:17  Protoss Ground Weapons Level 2  
  78  6:21  Protoss Ground Armor Level 2  
  78  6:22  Immortal  
  83  6:27  Zealot x4  
  91  6:35  Zealot x3  
  97  6:40  Zealot  
  101  7:02  Immortal  
  101  7:04  Nexus  
  105  7:14  Zealot x2  
  125  7:43  Warp Prism  
Spawning Tool Build Advisor. Get it on Overwolf

Go to:

Details

  • Created by: murphs
  • Published on: Dec 17, 2018
  • Modified on: Dec 17, 2018
  • Patch: 4.7.1
Show
View Real Time Build Order
Export as new Build Order

Comments (1)

On Feb. 23, 2019, 5:37 a.m., RickyGamerPTY  said:

is super usefull. i like this build order when i see it. its amazing Thanks!!!

Create an account to comment!